 Dungeon Crawl Stone Soup version 0.26-a0-682-g294304f6e8 (webtiles) character file.

Game seed: 4828648727097801021

(classic levelgen) 111 EnegeticOcto the Shooter (level 4, -8/34 HPs)
             Began as a Barachi Wanderer on Oct 20, 2020.
             Mangled by a kobold
             ... wielding a +2 short sword of electrocution
              (18 damage)
             ... on level 2 of the Dungeon.
             The game lasted 00:02:04 (1331 turns).

EnegeticOcto the Shooter (Barachi Wanderer)         Turns: 1331, Time: 00:02:05

Health: -8/34      AC:  9    Str: 13    XL:     4   Next: 92%
Magic:  4/4        EV:  8    Int: 12    God:
Gold:   86         SH:  0    Dex: 13    Spells: 3/3 levels left

rFire    + . .     SeeInvis .   a - +2 shortbow
rCold    . . .     Faith    +   (shield currently unavailable)
rNeg     + . .     Spirit   .   p - +2 scale mail {rF+}
rPois    .         Reflect  .   s - +0 helmet
rElec    .         Harm     .   (no cloak)
rCorr    .         Rampage  .   (no gloves)
MR       .....                  (no boots)
Stlth    ..........             m - amulet of faith
HPRegen  0.11/turn              l - ring of positive energy
MPRegen  0.09/turn              (no ring)

@: slow
A: +LOS, swims, slowness 1, strong legs 1
a: Hop


You were on level 2 of the Dungeon.
You visited 1 branch of the dungeon, and saw 2 of its levels.

You collected 86 gold pieces.

Inventory:

Hand Weapons
 a - a +2 shortbow (weapon)
Missiles
 b - 4 arrows (quivered)
Armour
 d - a +0 robe
 e - a +0 plate armour
 p - a +2 scale mail of fire resistance (worn)
 s - a +0 helmet (worn)
Jewellery
 l - a ring of positive energy (left hand)
 m - an amulet of faith (around neck)
Scrolls
 g - a scroll of remove curse {unknown}
 n - a scroll of teleportation {unknown}
 o - a scroll of random uselessness {unknown}
 q - a scroll of noise {unknown}
 r - a scroll of identify {unknown}
Potions
 c - 2 potions of lignification {@q6}
 f - a potion of stabbing {unknown}
 h - 2 potions of mutation {unknown}
 i - a potion of degeneration {unknown}
 j - a potion of haste {unknown}
 k - a potion of curing {unknown}
 t - a potion of ambrosia {unknown}


   Skills:
 - Level 2.4 Fighting
 + Level 4.5 Bows
 - Level 1.0 Throwing
   Level 1.1 Shields
   Level 4.3 Translocations
   Level 1.2 Ice Magic


You had 3 spell levels left.
You didn't know any spells.
Your spell library was empty.

Dungeon Overview and Level Annotations

Branches:
Dungeon (2/15)

Altars:
Cheibriados
Qazlal

Annotations:
D:2 1 runed translucent door, Crazy Yiuf


Innate Abilities, Weirdness & Mutations

You can be seen from farther away. (+LOS)
You can swim through water.
You cover ground slowly.
You can hop short distances.


Message History

The orc wizard hits you but does no damage. x2
The orc hits you but does no damage.
You hit the orc wizard.
The orc wizard is almost dead.
The orc wizard casts a spell at you. You resist with some effort.
The orc wizard hits you but does no damage.
The orc barely misses you.
The orc wizard casts a spell.
The orc wizard blinks!
You cannot move.
You cannot move.
You cannot move.
You cannot move.
You cannot move.
You cannot move.
You cannot move.
You smack the orc!
You kill the orc!
The orc wizard gestures wildly while chanting.
The orc wizard blinks!
The orc wizard mumbles some strange words.
The orc wizard blinks!
The leopard gecko bites you but does no damage.
You barely miss the leopard gecko. The leopard gecko bites you. x2
You barely miss the leopard gecko.
The leopard gecko bites you but does no damage.
You hit the leopard gecko but do no damage.
The leopard gecko bites you but does no damage.
The orc wizard gestures wildly while chanting.
The orc wizard blinks!
The leopard gecko bites you but does no damage.
You smack the leopard gecko!
You kill the leopard gecko!
You cannot move.
You cannot move.
You cannot move.
You cannot move.
The orc wizard gestures wildly while chanting.
The orc wizard blinks!
You feel yourself speed up. The orc wizard casts a spell at you.
You feel yourself slow down.
The orc wizard casts a spell.
The orc wizard blinks!
The orc wizard gestures wildly while chanting.
The orc wizard blinks!
The orc wizard points at you and mumbles some strange words.
You resist with some effort. The orc wizard casts a spell at you.
You resist with some effort.
Your transformation is almost over.
The orc wizard hits you but does no damage.
You hit the orc wizard.
You kill the orc wizard!
You start resting.
You feel yourself speed up.
You cannot move.
You start resting.
You feel less wooden.
Your +0 helmet unmelds from your body.
Your +2 scale mail of fire resistance unmelds from your body.
You feel resistant to fire.
b - 2 arrows
Things that are here:
a +1 dagger of flaming; a +0 robe; a +0 club
Things that are here:
a +0 mace; an orc corpse
b - 3 arrows (gained 1)
b - 6 arrows (gained 3)
b - 7 arrows (gained 1) HP restored.
A rat and a kobold come into view.
The kobold is wielding a +2 short sword of electrocution.
The kobold shouts!
There are monsters nearby!
You hit the kobold.
The kobold is moderately wounded.
The kobold closely misses you.
a - a +2 shortbow (weapon)
The kobold closely misses you.
You shoot an arrow. The arrow closely misses the kobold.
The kobold hits you but does no damage.
You are electrocuted!!
Ouch! That really hurt!
You are too injured to fight recklessly!
You are too injured to fight recklessly!
Firing (i - inventory)
b - 6 arrows (quivered)
Press: ? - help, Shift-Dir - straight line, f/p - kobold
Aim: a kobold, wielding a +2 short sword of electrocution (moderately wounded)
You shoot an arrow. The arrow barely misses the kobold.
The kobold closely misses you.
Firing (i - inventory)
b - 5 arrows (quivered)
Press: ? - help, Shift-Dir - straight line, f/p - kobold
Aim: a kobold, wielding a +2 short sword of electrocution (moderately wounded)
You shoot an arrow. The arrow closely misses the kobold.
The kobold hits you with a +2 short sword of electrocution!
* * * LOW HITPOINT WARNING * * *
You are electrocuted!!
Ouch! That really hurt!
You die...

#.# ### #)..#
#...+ #...# ###
#.###### #...rK.#
#@# #######
#.##########...).)
#............#####
##############


You could see a kobold and a rat.

Vanquished Creatures
  An orc wizard (D:2)
  An adder (D:2)
  3 worms (D:2)
  5 dart slugs
  3 leopard geckos (D:2)
  2 orcs (D:2)
  2 giant cockroaches (D:1)
  7 goblins
  5 hobgoblins
  3 jackals (D:2)
  A quokka (D:2)
  A ball python (D:2)
  5 bats (D:1)
  2 frilled lizards
  5 kobolds
  2 rats
48 creatures vanquished.

Notes
Turn   | Place    | Note
-------+----------+-------------------------------------------
     0 | D:1      | EnegeticOcto the Barachi Wanderer began the quest for the
                  | Orb.
     0 | D:1      | EnegeticOcto set off with the following items: a +2
                  | shortbow, 22 arrows, 2 potions of lignification {@q6}, a +0
                  | robe
     0 | D:1      | Reached XP level 1. HP: 17/17 MP: 1/1
    81 | D:1      | Reached skill level 2 in Bows
    81 | D:1      | Reached XP level 2. HP: 23/23 MP: 2/2
   278 | D:1      | Reached XP level 3. HP: 28/28 MP: 3/3
   328 | D:1      | Reached skill level 3 in Bows
   881 | D:2      | Reached XP level 4. HP: 34/34 MP: 4/4
   941 | D:2      | Found a snail-covered altar of Cheibriados.
   970 | D:2      | Reached skill level 4 in Bows
  1068 | D:2      | Found a stormy altar of Qazlal.
  1234 | D:2      | Found a runed translucent door.
  1235 | D:2      | Noticed Crazy Yiuf
  1331 | D:2      | Mangled by a kobold

Illustrated notes

Levels and vault maps discovered:
D:1:      dpeg_arrival_rooms_b, layout_rooms
D:2:      layout_loops_ring, cheibriados_altar_1, grunt_qazlal_sundering,
          uniq_crazy_yiuf_cottage

Skill      XL: |  1  2  3  4 |
---------------+-------------+-----
Bows           | 2 3 4 |  4.5
Fighting       | |  2.4
Throwing       | |  1.0
Shields        | |  1.1
Translocations | |  4.3
Ice Magic      | |  1.2

Action                   |  1- 3 |  4- 6 || total
-------------------------+-------+-------++-------
Melee: Unarmed           |     9 |    10 ||    19
 Fire: Shortbow          |   103 |    30 ||   133
  Use: Potion            |       |     1 ||     1
Armor: Plate armour      |    43 |       ||    43
       Scale mail        |       |    10 ||    10
       Skin              |       |     9 ||     9
Dodge: Dodged            |     7 |     6 ||    13

Table legend: (Time is in decaauts)
 A = Elapsed time spent in this place.
 B = Non-inter-level travel time spent in this place.
 C = Inter-level travel time spent in this place.
 D = Time resting spent in this place.
 E = Time spent auto-exploring this place.
 F = Levels seen in this place.
 G = Mean time per level.
                   A        B        C        D        E       F      G
               +--------+--------+--------+--------+--------+-----+--------+
         Total |   1542 |   1533 |      9 |      8 |   1129 |   2 |  771.0 |
       Dungeon |   1542 |   1533 |      9 |      8 |   1129 |   2 |  771.0 |
               +--------+--------+--------+--------+--------+-----+--------+

Top non-repeatable levels by time:
     D:2: 869 daAuts
     D:1: 673 daAuts
